[Event "European Online Club-ch-F 2021"]
[Site "Online"]
[Date "2021.03.27"]
[Round "7.17"]
[White "Isik, Alparslan"]
[Black "Gorodetzky, Matan"]
[Result "1-0"]
[ECO "D33"]
[WhiteElo "2321"]
[BlackElo "2253"]
[Annotator "NA"]
[PlyCount "79"]
[EventDate "2021.03.27"]
[EventType "team-tourn"]
[EventCountry "NET"]
[SourceTitle "playchess.com"]
[Source "ChessBase"]
[SourceQuality "1"]
[TimeControl "900+5"]

1. d4 d5 2. c4 e6 3. Nf3 c5 4. cxd5 exd5 5. Nc3 Nc6 6. g3 Nf6 7. Bg2 cxd4 8. Nxd4 Bc5 9. Nb3 Bb6 10. O-O d4 11. Na4 O-O 12. Bg5 Re8 13. Rc1 Bg4 14. Re1 h6 15. Bxf6 Qxf6 16. Nac5 Rac8 17. Qd2 Re7 18. h3 Bh5 19. Nd3 g5 20. Nb4 Rce8 21. Nd5 Qe5 22. Nxe7+ Rxe7 23. Bxc6 bxc6 24. Rxc6 d3 25. Qxd3 Qxb2 26. Rxh6 Bxe2 27. Qh7+ Kf8 28. Qh8+ Qxh8 29. Rxh8+ Kg7 30. Rc8 Re6 31. Rc2 Bg4 32. Rxe6 Bxe6 33. Kg2 f5 34. f3 Kf6 35. Nc5 Bxc5 36. Rxc5 g4 37. fxg4 fxg4 38. hxg4 Bxa2 39. Ra5 Be6 40. Kh3 1-0

[Event "European Online Club-ch-F 2021"]
[Site "Online"]
[Date "2021.03.27"]
[Round "7.18"]
[White "Katkov, Michelle"]
[Black "Karaoglan, Doruk"]
[Result "0-1"]
[ECO "B22"]
[WhiteElo "2078"]
[BlackElo "2230"]
[Annotator "NA"]
[PlyCount "90"]
[EventDate "2021.03.27"]
[EventType "team-tourn"]
[EventCountry "NET"]
[SourceTitle "playchess.com"]
[Source "ChessBase"]
[SourceQuality "1"]
[TimeControl "900+5"]

1. e4 c5 2. c3 Nf6 3. e5 Nd5 4. d4 cxd4 5. cxd4 e6 6. Nf3 b6 7. Nc3 Nxc3 8. bxc3 Qc7 9. Qc2 Bb7 10. Be2 d6 11. O-O Nd7 12. Bf4 dxe5 13. Nxe5 Bd6 14. Bb5 O-O-O 15. Bxd7+ Rxd7 16. Nxd7 Bxf4 17. Ne5 f6 18. Nf3 g5 19. Qe2 Re8 20. g3 g4 21. Nd2 Qc6 22. f3 Bxd2 23. Qxd2 gxf3 24. Rf2 e5 25. d5 Qxd5 26. Qxd5 Bxd5 27. Rd2 Bb7 28. Kf2 e4 29. Ke3 Ba6 30. Rd6 f5 31. Rf6 Re5 32. Rd1 Bd3 33. Rd6 Ra5 34. Rd2 Ra3 35. R6xd3 exd3 36. Kxd3 Kd7 37. Kd4 Ke6 38. Rf2 Ra4+ 39. Ke3 Ra3 40. Rc2 b5 41. Kf4 f2 42. Rxf2 Rxc3 43. Kg5 Rc4 44. Rxf5 h6+ 45. Kg6 Rg4+ 0-1

[Event "European Online Club-ch-F 2021"]
[Site "Online"]
[Date "2021.03.27"]
[Round "7.19"]
[White "Apaydin, Fethi"]
[Black "Stolyarsky, Yegor"]
[Result "1/2-1/2"]
[ECO "C26"]
[WhiteElo "2260"]
[BlackElo "2063"]
[Annotator "NA"]
[PlyCount "139"]
[EventDate "2021.03.27"]
[EventType "team-tourn"]
[EventCountry "NET"]
[SourceTitle "playchess.com"]
[Source "ChessBase"]
[SourceQuality "1"]
[TimeControl "900+5"]

1. e4 e5 2. Nc3 Nf6 3. g3 Bc5 4. Bg2 d6 5. Na4 Bb6 6. Nxb6 axb6 7. Ne2 Nc6 8. O-O Bg4 9. h3 Be6 10. d4 exd4 11. Nxd4 Nxd4 12. Qxd4 O-O 13. b3 d5 14. e5 Ne4 15. Bb2 Qg5 16. a4 c5 17. Qd3 Rac8 18. c4 Bf5 19. g4 dxc4 20. Qxc4 Nd2 21. Bc1 Nxc4 22. Bxg5 Bd3 23. bxc4 Bxf1 24. Kxf1 Rfe8 25. f4 Rc7 26. Rd1 Ra8 27. Rd8+ Rxd8 28. Bxd8 Rd7 29. Bxb6 Rd4 30. Bd5 Rxf4+ 31. Kg2 Rd4 32. Bxc5 Rd2+ 33. Kg3 Ra2 34. Bxb7 Rxa4 35. Bd5 Ra1 36. Bd6 Rd1 37. e6 fxe6 38. Bxe6+ Kh8 39. c5 h5 40. gxh5 Kh7 41. Bf5+ Kh8 42. Bf4 Rd5 43. Bg6 Rxc5 44. h4 Ra5 45. Bg5 Ra1 46. Kf4 Ra5 47. Bd3 Rd5 48. Ke4 Ra5 49. Bc4 Rc5 50. Bd5 Rc2 51. Kf5 Rc5 52. Ke6 Ra5 53. Kd6 Ra6+ 54. Ke7 Ra1 55. Be6 Re1 56. Kf7 Rf1+ 57. Kg6 Rf2 58. Bd5 Rf6+ 59. Bxf6 gxf6 60. Kf5 Kh7 61. Be4 Kh8 62. Bc6 Kg8 63. Bd7 Kh8 64. Kg6 Kg8 65. Bf5 Kh8 66. h6 Kg8 67. h5 Kh8 68. Kxf6 Kg8 69. h7+ Kh8 70. h6 1/2-1/2

[Event "European Online Club-ch-F 2021"]
[Site "Online"]
[Date "2021.03.27"]
[Round "7.20"]
[White "Gleizer, Adar"]
[Black "Ozturk, Efe Hakan"]
[Result "1-0"]
[ECO "B15"]
[WhiteElo "1833"]
[BlackElo "2030"]
[Annotator "NA"]
[PlyCount "63"]
[EventDate "2021.03.27"]
[EventType "team-tourn"]
[EventCountry "NET"]
[SourceTitle "playchess.com"]
[Source "ChessBase"]
[SourceQuality "1"]
[TimeControl "900+5"]

1. e4 g6 2. d4 Bg7 3. Nf3 c6 4. Nc3 d5 5. e5 Bg4 6. h3 Bxf3 7. Qxf3 e6 8. h4 h5 9. Bg5 Qb6 10. O-O-O Nd7 11. Bd3 Nh6 12. Qf4 a6 13. Rhe1 Nf5 14. Bxf5 gxf5 15. f3 Nf8 16. g4 Ng6 17. Qg3 hxg4 18. fxg4 f4 19. Qf2 Nxe5 20. Qxf4 Nc4 21. b3 Qa5 22. Na4 O-O 23. Bf6 Bxf6 24. Qxf6 b5 25. bxc4 Qxa4 26. Re5 Qa3+ 27. Kd2 Qb4+ 28. Ke3 Qc3+ 29. Kf4 Rfd8 30. Rh5 e5+ 31. Qxe5 f6 32. Qxf6 1-0

[Event "European Online Club-ch-F 2021"]
[Site "Online"]
[Date "2021.03.27"]
[Round "8.1"]
[White "Pulkkinen, Kari"]
[Black "Gorodetzky, Matan"]
[Result "0-1"]
[ECO "C11"]
[WhiteElo "2256"]
[BlackElo "2253"]
[Annotator "NA"]
[PlyCount "122"]
[EventDate "2021.03.27"]
[EventType "team-tourn"]
[EventCountry "NET"]
[SourceTitle "playchess.com"]
[Source "ChessBase"]
[SourceQuality "1"]
[TimeControl "900+5"]

1. e4 e6 2. d4 d5 3. Nc3 Nf6 4. e5 Nfd7 5. f4 c5 6. Nf3 Nc6 7. Be3 cxd4 8. Nxd4 Bc5 9. Qd2 O-O 10. O-O-O Bxd4 11. Bxd4 a6 12. Qf2 b5 13. Bd3 Nxd4 14. Qxd4 Qb6 15. Ne2 b4 16. Qxb6 Nxb6 17. Nd4 Bd7 18. Rhe1 a5 19. g4 a4 20. f5 a3 21. b3 Rfe8 22. Kd2 Rac8 23. Rc1 Rc3 24. Ne2 Rcc8 25. Nd4 Rc3 26. Ne2 Rc7 27. Nd4 Rec8 28. f6 g6 29. h4 h6 30. g5 h5 31. Rf1 Be8 32. Rf4 Rd8 33. Ke3 Rb8 34. Ne2 Nd7 35. Kd4 Nc5 36. Rff1 Bb5 37. Bxb5 Rxb5 38. c4 bxc3 39. Rxc3 Rb4+ 40. Ke3 Re4+ 41. Kf3 Rxh4 42. Nf4 Na6 43. Rfc1 Rxc3+ 44. Rxc3 Rh1 45. Rc8+ Kh7 46. Rf8 Rf1+ 47. Kg3 Rg1+ 48. Kf2 Rxg5 49. Rxf7+ Kh6 50. Nxe6 Rxe5 51. Re7 Rf5+ 52. Kg3 Rxf6 53. Nf4 Nb4 54. Ra7 Nxa2 55. Rxa3 Nc3 56. Nh3 d4 57. b4 g5 58. Ra8 Ne4+ 59. Kg2 g4 60. Ng1 Rf2+ 61. Kh1 Ng3# 0-1

[Event "European Online Club-ch-F 2021"]
[Site "Online"]
[Date "2021.03.27"]
[Round "8.2"]
[White "Katkov, Michelle"]
[Black "Prieur, Eetu"]
[Result "1-0"]
[ECO "C54"]
[WhiteElo "2078"]
[BlackElo "2172"]
[Annotator "NA"]
[PlyCount "67"]
[EventDate "2021.03.27"]
[EventType "team-tourn"]
[EventCountry "NET"]
[SourceTitle "playchess.com"]
[Source "ChessBase"]
[SourceQuality "1"]
[TimeControl "900+5"]

1. e4 e5 2. Nf3 Nc6 3. Bc4 Nf6 4. d3 Bc5 5. c3 d6 6. Nbd2 O-O 7. O-O Bg4 8. h3 Bh5 9. Re1 h6 10. Bb3 Re8 11. Nf1 d5 12. Qe2 dxe4 13. dxe4 Qe7 14. Ng3 Bg6 15. Nh4 Kh7 16. Ngf5 Qf8 17. Qf3 Ng8 18. Be3 Na5 19. Ba4 Red8 20. Bxc5 Qxc5 21. b4 Qc4 22. Bc2 Nc6 23. Bb3 Qd3 24. Re3 Qd2 25. Rd1 Qb2 26. Bd5 Rab8 27. Red3 Nge7 28. Qg4 Qc2 29. R1d2 Qc1+ 30. Kh2 a6 31. Bxf7 Nxf5 32. Qxg6+ Kh8 33. Nxf5 Rxd3 34. Qxg7# 1-0

[Event "European Online Club-ch-F 2021"]
[Site "Online"]
[Date "2021.03.27"]
[Round "8.3"]
[White "Graeffe, Petri"]
[Black "Stolyarsky, Yegor"]
[Result "1/2-1/2"]
[ECO "E61"]
[WhiteElo "2043"]
[BlackElo "2063"]
[Annotator "NA"]
[PlyCount "119"]
[EventDate "2021.03.27"]
[EventType "team-tourn"]
[EventCountry "NET"]
[SourceTitle "playchess.com"]
[Source "ChessBase"]
[SourceQuality "1"]
[TimeControl "900+5"]

1. Nf3 Nf6 2. e3 g6 3. c4 Bg7 4. d4 d6 5. Nc3 O-O 6. Be2 c6 7. O-O Bf5 8. Nd2 e5 9. d5 Na6 10. e4 Bd7 11. Rb1 Ne8 12. b4 f5 13. f3 f4 14. dxc6 bxc6 15. c5 Nac7 16. cxd6 Ne6 17. b5 Nd4 18. Nb3 Nxd6 19. Ba3 Be6 20. bxc6 Bxb3 21. axb3 Rf6 22. Nd5 Re6 23. c7 Qe8 24. Bxd6 Rxd6 25. Bc4 Kh8 26. Qd3 a6 27. Ra1 Ne6 28. Ra5 Qc6 29. Rfa1 Nxc7 30. Qe2 Nxd5 31. Bxd5 Qb6+ 32. Qf2 Ra7 33. Qxb6 Rxb6 34. Kf2 Bf8 35. Bc4 Bd6 36. Rxa6 Raxa6 37. Rxa6 Rxa6 38. Bxa6 Kg7 39. Ke2 Kf6 40. Kd3 g5 41. Kc4 h5 42. Kd5 Be7 43. Be2 Bf8 44. Kc4 Ke6 45. b4 Kd6 46. Bd1 Be7 47. h3 Bd8 48. Kb5 Bc7 49. Bb3 Bb8 50. Bf7 h4 51. Bd5 Bc7 52. Ka6 Bd8 53. Kb7 Bc7 54. b5 Bd8 55. b6 Kc5 56. Kc8 Bxb6 57. Kd7 Kd4 58. Ke6 Ba5 59. Kf5 Bd8 60. Ba8 1/2-1/2

[Event "European Online Club-ch-F 2021"]
[Site "Online"]
[Date "2021.03.27"]
[Round "8.4"]
[White "Gleizer, Adar"]
[Black "Kivilahti, Rami"]
[Result "1-0"]
[ECO "B13"]
[WhiteElo "1833"]
[BlackElo "1962"]
[Annotator "NA"]
[PlyCount "67"]
[EventDate "2021.03.27"]
[EventType "team-tourn"]
[EventCountry "NET"]
[SourceTitle "playchess.com"]
[Source "ChessBase"]
[SourceQuality "1"]
[TimeControl "900+5"]

1. e4 c6 2. d4 d5 3. exd5 cxd5 4. Bd3 Nf6 5. c3 Bg4 6. Qb3 Qb6 7. Qxb6 axb6 8. Na3 Bd7 9. Nb5 Na6 10. Bf4 Bxb5 11. Bxb5+ Nd7 12. Nf3 f6 13. O-O h5 14. h4 O-O-O 15. Rfe1 Nc7 16. Bd3 b5 17. a4 bxa4 18. Rxa4 Nb6 19. Ra5 Nc4 20. Bxc7 Kxc7 21. Rc5+ Kb8 22. Bxc4 dxc4 23. Rxc4 Rd6 24. Ra4 Ra6 25. Rxa6 bxa6 26. Re6 Kb7 27. d5 Rh7 28. Nd4 g5 29. hxg5 fxg5 30. Nb3 h4 31. Nc5+ Kc7 32. Rc6+ Kd8 33. Ne6+ Ke8 34. Rc8+ 1-0

[Event "European Online Club-ch-F 2021"]
[Site "Online"]
[Date "2021.03.27"]
[Round "8.5"]
[White "Maghsoodloo, Parham"]
[Black "Isik, Alparslan"]
[Result "1-0"]
[ECO "D85"]
[WhiteElo "2676"]
[BlackElo "2321"]
[Annotator "ChessBase"]
[PlyCount "67"]
[EventDate "2021.03.27"]
[EventType "team-tourn"]
[EventCountry "NET"]
[SourceTitle "playchess.com"]
[Source "ChessBase"]
[SourceQuality "1"]
[TimeControl "900+5"]

1. d4 Nf6 2. c4 g6 3. Nc3 d5 4. cxd5 Nxd5 5. Bd2 Bg7 6. e4 Nxc3 7. Bxc3 O-O 8. Bc4 c5 9. d5 Bxc3+ 10. bxc3 e6 11. dxe6 Bxe6 12. Bxe6 fxe6 13. Qb3 Qf6 14. Nf3 Nc6 15. O-O b6 16. h4 h6 17. Rad1 Rad8 18. Rxd8 Rxd8 19. Qa4 Na5 20. Rd1 Rxd1+ 21. Qxd1 Qxc3 22. Qd8+ Kh7 23. Qe7+ Qg7 24. Qxe6 c4 25. e5 Qc7 26. h5 gxh5 27. Qf5+ Kg7 28. Qf6+ Kh7 29. e6 Qg7 30. Qf5+ Qg6 31. Qe5 c3 32. Nh4 Qg5 33. Qxc3 Qe7 34. Nf5 1-0

[Event "European Online Club-ch-F 2021"]
[Site "Online"]
[Date "2021.03.27"]
[Round "8.6"]
[White "Apaydin, Fethi"]
[Black "Amin, Bassem"]
[Result "1-0"]
[ECO "C25"]
[WhiteElo "2260"]
[BlackElo "2695"]
[Annotator "ChessBase"]
[PlyCount "115"]
[EventDate "2021.03.27"]
[EventType "team-tourn"]
[EventCountry "NET"]
[SourceTitle "playchess.com"]
[Source "ChessBase"]
[SourceQuality "1"]
[TimeControl "900+5"]

1. e4 e5 2. Nc3 Nc6 3. g3 f5 4. exf5 Nf6 5. d3 d5 6. Bh3 Bc5 7. Nf3 O-O 8. O-O h6 9. Nh4 Nd4 10. Ne2 Nc6 11. c3 Bd6 12. d4 e4 13. Ng6 Rf7 14. Nef4 Ne7 15. Ne5 Rf8 16. g4 c6 17. f3 Qc7 18. fxe4 Nxe4 19. Nfd3 b6 20. Bf4 Ba6 21. Re1 Rae8 22. Bg2 c5 23. Nf2 Nxf2 24. Kxf2 Bb7 25. Kg1 g5 26. Bg3 Kg7 27. Qd2 Ng8 28. h4 gxh4 29. Bxh4 Bxe5 30. dxe5 Rxe5 31. Bg3 Rxe1+ 32. Qxe1 Qf7 33. Be5+ Kh7 34. Qg3 Ne7 35. Rf1 Rg8 36. Qh4 Qf8 37. Bf6 Rxg4 38. Qxg4 Qxf6 39. Re1 Nxf5 40. Rf1 Bc8 41. Bxd5 Qg7 42. Qxg7+ Kxg7 43. Re1 Kf6 44. Re8 Ne7 45. Bf3 Be6 46. Ra8 Bxa2 47. Rxa7 Be6 48. Ra6 Nc8 49. Bb7 Nd6 50. Rxb6 Ke5 51. b4 c4 52. Ba6 Ne4 53. Rc6 Bd5 54. Rc8 Nd6 55. Rc7 h5 56. Kh2 Ke4 57. b5 Ne8 58. Re7+ 1-0

[Event "European Online Club-ch-F 2021"]
[Site "Online"]
[Date "2021.03.27"]
[Round "8.7"]
[White "Van Wely, Loek"]
[Black "Ozturk, Efe Hakan"]
[Result "1-0"]
[ECO "E14"]
[WhiteElo "2620"]
[BlackElo "2030"]
[Annotator "ChessBase"]
[PlyCount "139"]
[EventDate "2021.03.27"]
[EventType "team-tourn"]
[EventCountry "NET"]
[SourceTitle "playchess.com"]
[Source "ChessBase"]
[SourceQuality "1"]
[TimeControl "900+5"]

1. d4 Nf6 2. c4 e6 3. Nf3 Bb4+ 4. Nbd2 b6 5. a3 Bxd2+ 6. Qxd2 Bb7 7. e3 O-O 8. Be2 d6 9. O-O Nbd7 10. b4 Qe7 11. Bb2 c5 12. Rfd1 Rfd8 13. dxc5 dxc5 14. Qc3 Nf8 15. Nd2 Ng6 16. f3 Ne8 17. Nf1 f6 18. Ng3 Rac8 19. b5 Nd6 20. a4 a5 21. bxa6 Bxa6 22. a5 Qb7 23. axb6 Qxb6 24. Qc2 Ne7 25. Rdb1 Qc6 26. Qa4 Ra8 27. Qc2 Bb7 28. Kf2 Rxa1 29. Rxa1 Ra8 30. Rd1 Rd8 31. Ba3 Nf7 32. Rxd8+ Nxd8 33. Ne4 Ng6 34. Nxc5 Ba8 35. Qa4 Qxa4 36. Nxa4 Ne5 37. f4 Nd7 38. Nc5 Nxc5 39. Bxc5 Kf7 40. Bb6 Nc6 41. Bf3 Ke7 42. Bc5+ Kd7 43. g4 Bb7 44. h4 Ba6 45. Bf8 Bxc4 46. Bxg7 f5 47. g5 Ne7 48. h5 Ke8 49. Bf6 Kf7 50. Bxe7 Kxe7 51. Ke1 e5 52. h6 exf4 53. exf4 Bf7 54. Kd2 Kd6 55. Kc3 Kc5 56. Bd1 Be8 57. Bb3 Bh5 58. Be6 Bg6 59. Bg8 Kd6 60. Kd4 Ke7 61. Ke5 Kf8 62. Be6 Ke7 63. Bxf5 Bxf5 64. Kxf5 Kf7 65. g6+ Kg8 66. Kf6 Kh8 67. f5 Kg8 68. gxh7+ Kxh7 69. Ke7 Kxh6 70. f6 1-0

[Event "European Online Club-ch-F 2021"]
[Site "Online"]
[Date "2021.03.27"]
[Round "8.8"]
[White "Camlar, Arda"]
[Black "Hamdouchi, Hicham"]
[Result "0-1"]
[ECO "B25"]
[WhiteElo "1934"]
[BlackElo "2561"]
[Annotator "ChessBase"]
[PlyCount "76"]
[EventDate "2021.03.27"]
[EventType "team-tourn"]
[EventCountry "NET"]
[SourceTitle "playchess.com"]
[Source "ChessBase"]
[SourceQuality "1"]
[TimeControl "900+5"]

1. e4 c5 2. Nc3 Nc6 3. g3 g6 4. Bg2 Bg7 5. d3 d6 6. f4 Nh6 7. Nf3 O-O 8. O-O Bd7 9. h3 f5 10. Qe2 Nd4 11. Nxd4 cxd4 12. Nd1 Rc8 13. c4 dxc3 14. Nxc3 e6 15. Kh2 b5 16. Nd1 Qb6 17. g4 fxg4 18. hxg4 Qd8 19. Ne3 Rxf4 20. Rxf4 Be5 21. Nc4 bxc4 22. d4 Bxd4 23. Rf1 Qh4+ 24. Bh3 c3 25. Bxh6 Qxh6 26. g5 Qh4 27. Qf3 cxb2 28. Rad1 Bg7 29. Kh1 Rf8 30. Qd3 Be5 31. Rxf8+ Kxf8 32. Rf1+ Ke7 33. Qf3 Qf4 34. Qxf4 Bxf4 35. Rb1 Bc1 36. Bf1 Bc6 37. Bd3 d5 38. exd5 Bxd5+ 0-1

[Event "European Online Club-ch-F 2021"]
[Site "Online"]
[Date "2021.03.27"]
[Round "8.9"]
[White "Moiseenko, Alexander"]
[Black "Sochacki, Christophe"]
[Result "1-0"]
[ECO "B06"]
[WhiteElo "2620"]
[BlackElo "2477"]
[Annotator "ChessBase"]
[PlyCount "115"]
[EventDate "2021.03.27"]
[EventType "team-tourn"]
[EventCountry "NET"]
[SourceTitle "playchess.com"]
[Source "ChessBase"]
[SourceQuality "1"]
[TimeControl "900+5"]

1. d4 d6 2. e4 g6 3. Nc3 Bg7 4. Be3 a6 5. Qd2 b5 6. Bd3 Nd7 7. a4 b4 8. Nce2 c5 9. c3 bxc3 10. bxc3 Bb7 11. Nf3 cxd4 12. cxd4 Nc5 13. Ng3 Nxd3+ 14. Qxd3 a5 15. Qb5+ Qd7 16. Qxd7+ Kxd7 17. Rb1 Bc6 18. Nd2 d5 19. O-O Nf6 20. e5 Ng4 21. Nb3 Nxe3 22. fxe3 Bh6 23. Nc5+ Kc8 24. Kf2 Rb8 25. Ne2 f6 26. e6 Rxb1 27. Rxb1 Kc7 28. Nc3 Ra8 29. Nb5+ Kd8 30. Nc3 Kc7 31. Ke2 f5 32. Nb5+ Kd8 33. g3 Bg7 34. Nc3 Kc7 35. Kd2 h5 36. h4 Bf6 37. Nb5+ Kd8 38. Nd3 Ra6 39. Nf4 g5 40. Nxh5 gxh4 41. Nxf6 exf6 42. gxh4 Ke7 43. Nc3 Kxe6 44. h5 f4 45. exf4 Ra8 46. Rb6 Kd7 47. Nb5 Rh8 48. Ra6 Rxh5 49. Rxa5 Rh4 50. Ra7+ Ke6 51. Ra6 Kd7 52. Na7 Bb7 53. Rxf6 Ke7 54. Rb6 Ba8 55. Rb8 Rxf4 56. Ke3 Rf8 57. Nc8+ Kd7 58. Nb6+ 1-0

[Event "European Online Club-ch-F 2021"]
[Site "Online"]
[Date "2021.03.27"]
[Round "8.10"]
[White "Maatoug, Redwan"]
[Black "Fridman, Daniel"]
[Result "0-1"]
[ECO "B12"]
[WhiteElo "2202"]
[BlackElo "2601"]
[Annotator "ChessBase"]
[PlyCount "142"]
[EventDate "2021.03.27"]
[EventType "team-tourn"]
[EventCountry "NET"]
[SourceTitle "playchess.com"]
[Source "ChessBase"]
[SourceQuality "1"]
[TimeControl "900+5"]

1. e4 c6 2. f4 d5 3. e5 h5 4. Nf3 Nh6 5. d4 g6 6. Bd3 Bf5 7. Bxf5 Nxf5 8. e6 f6 9. O-O Qd6 10. c4 Qxe6 11. Nc3 Qd7 12. Qb3 e6 13. Re1 Kf7 14. Be3 Na6 15. Bf2 Bd6 16. g3 Rab8 17. Re2 b5 18. cxb5 cxb5 19. Rae1 Nc7 20. Kg2 a5 21. h3 Ne7 22. Nd1 a4 23. Qe3 Bb4 24. Rf1 Nf5 25. Qd3 Nd6 26. Bg1 Ne4 27. Nf2 Nxf2 28. Rexf2 Bd6 29. Ne5+ Bxe5 30. fxe5 f5 31. Rc2 Na6 32. Rfc1 Rb7 33. a3 Rc7 34. Rxc7 Nxc7 35. Qc3 Na8 36. Qc5 Rb8 37. Be3 Nb6 38. Qc7 Rb7 39. Qxd7+ Rxd7 40. Rc5 Nc4 41. Bc1 Rb7 42. Rc8 b4 43. Rh8 Kg7 44. Ra8 Nb6 45. Ra6 b3 46. Bd2 Kf7 47. Kf2 Ke7 48. Ba5 Nc4 49. Bc3 Nxa3 50. bxa3 b2 51. Bxb2 Rxb2+ 52. Kf3 Rb3+ 53. Kf4 g5+ 54. Kxg5 Rxg3+ 55. Kxh5 Rxh3+ 56. Kg5 Rg3+ 57. Kf4 Rxa3 58. Ra7+ Kd8 59. Kg5 Kc8 60. Kf6 f4 61. Kxe6 f3 62. Kxd5 f2 63. Rf7 Ra2 64. e6 Re2 65. Kd6 a3 66. e7 a2 67. Rxf2 a1=Q 68. Rxe2 Qxd4+ 69. Ke6 Qc4+ 70. Kf6 Qxe2 71. Kf7 Kd7 0-1

[Event "European Online Club-ch-F 2021"]
[Site "Online"]
[Date "2021.03.27"]
[Round "8.13"]
[White "Kovalev, Vladislav"]
[Black "Hellers, Ferdinand"]
[Result "1-0"]
[ECO "B04"]
[WhiteElo "2648"]
[BlackElo "2592"]
[Annotator "ChessBase"]
[PlyCount "87"]
[EventDate "2021.03.27"]
[EventType "team-tourn"]
[EventCountry "NET"]
[SourceTitle "playchess.com"]
[Source "ChessBase"]
[SourceQuality "1"]
[TimeControl "900+5"]

1. e4 Nf6 2. e5 Nd5 3. d4 d6 4. Nf3 g6 5. Bc4 Nb6 6. Bb3 Bg7 7. Ng5 e6 8. Qf3 Qe7 9. Ne4 dxe5 10. Bg5 Qb4+ 11. c3 Qa5 12. Bf6 O-O 13. Bxg7 Kxg7 14. Qf6+ Kg8 15. Qxe5 Qxe5 16. dxe5 a5 17. a4 N8d7 18. f4 Nd5 19. g3 b6 20. Nbd2 Bb7 21. O-O-O Rad8 22. Rhe1 Kg7 23. Nf3 h6 24. Rd2 Nc5 25. Bc2 Ne7 26. Nxc5 Bxf3 27. Nd7 Rh8 28. Nf6 Rxd2 29. Kxd2 Rd8+ 30. Ke3 Bc6 31. g4 Nd5+ 32. Nxd5 Bxd5 33. Rd1 Rg8 34. Be4 c6 35. Rd4 c5 36. Rd2 Bb3 37. Rd6 Rb8 38. Bc6 Bc4 39. h4 b5 40. b3 Bxb3 41. Bxb5 g5 42. fxg5 hxg5 43. h5 f6 44. Rd7+ 1-0

[Event "European Online Club-ch-F 2021"]
[Site "Online"]
[Date "2021.03.27"]
[Round "8.14"]
[White "Rogule, Laura"]
[Black "Azarov, Sergei"]
[Result "0-1"]
[ECO "E03"]
[WhiteElo "2286"]
[BlackElo "2604"]
[Annotator "ChessBase"]
[PlyCount "68"]
[EventDate "2021.03.27"]
[EventType "team-tourn"]
[EventCountry "NET"]
[SourceTitle "playchess.com"]
[Source "ChessBase"]
[SourceQuality "1"]
[TimeControl "900+5"]

1. d4 Nf6 2. c4 e6 3. g3 d5 4. Bg2 dxc4 5. Qa4+ Nbd7 6. Nf3 a6 7. Qxc4 c5 8. dxc5 Bxc5 9. b4 Be7 10. O-O b5 11. Qb3 Bb7 12. Nc3 O-O 13. a4 Nd5 14. Bb2 bxa4 15. Nxa4 Rb8 16. Rfd1 Ba8 17. e4 Nxb4 18. Ne5 Nc6 19. Nxc6 Rxb3 20. Nxd8 Rxd8 21. Bc3 Bc6 22. Ba5 Rdb8 23. e5 Bxg2 24. Kxg2 R8b7 25. Rac1 h5 26. Bc7 Nf8 27. Nc5 Bxc5 28. Rxc5 Ng6 29. Rd8+ Kh7 30. Rd7 R3b5 31. Rxb5 axb5 32. Rxf7 Nxe5 33. Re7 Nc6 34. Rd7 b4 0-1

[Event "European Online Club-ch-F 2021"]
[Site "Online"]
[Date "2021.03.27"]
[Round "8.15"]
[White "Zhigalko, Andrey"]
[Black "Moreau, Teodor"]
[Result "1-0"]
[ECO "B33"]
[WhiteElo "2517"]
[BlackElo "2329"]
[Annotator "ChessBase"]
[PlyCount "63"]
[EventDate "2021.03.27"]
[EventType "team-tourn"]
[EventCountry "NET"]
[SourceTitle "playchess.com"]
[Source "ChessBase"]
[SourceQuality "1"]
[TimeControl "900+5"]

1. e4 c5 2. Nf3 Nc6 3. d4 cxd4 4. Nxd4 Nf6 5. Nc3 e5 6. Ndb5 d6 7. Bg5 a6 8. Na3 b5 9. Bxf6 gxf6 10. Nd5 Bg7 11. c3 f5 12. exf5 Bxf5 13. Nc2 O-O 14. Nce3 Be6 15. Bd3 f5 16. O-O Kh8 17. Qh5 e4 18. Bc2 Ne7 19. Rad1 Nxd5 20. Nxd5 Be5 21. f4 exf3 22. Rxf3 Qd7 23. Nf4 Qf7 24. Qh6 Bd7 25. Rh3 Be8 26. Ng6+ Qxg6 27. Qxf8+ Qg8 28. Qxf5 Ra7 29. Bb3 Qg7 30. Rxh7+ Qxh7 31. Qf8+ Qg8 32. Qxg8# 1-0

[Event "European Online Club-ch-F 2021"]
[Site "Online"]
[Date "2021.03.27"]
[Round "8.16"]
[White "Cramling, Dan"]
[Black "Kazakouski, Valery"]
[Result "0-1"]
[ECO "E45"]
[WhiteElo "2292"]
[BlackElo "2476"]
[Annotator "ChessBase"]
[PlyCount "80"]
[EventDate "2021.03.27"]
[EventType "team-tourn"]
[EventCountry "NET"]
[SourceTitle "playchess.com"]
[Source "ChessBase"]
[SourceQuality "1"]
[TimeControl "900+5"]

1. d4 Nf6 2. c4 e6 3. Nc3 Bb4 4. e3 b6 5. Nge2 Ba6 6. Ng3 Bxc3+ 7. bxc3 d5 8. Qf3 O-O 9. cxd5 exd5 10. Bxa6 Nxa6 11. O-O c5 12. a4 Re8 13. Ba3 Qd7 14. Rfb1 Rac8 15. Qe2 c4 16. Qc2 Re6 17. Re1 Rce8 18. Re2 g6 19. Rae1 Ne4 20. Nh1 f5 21. f3 Nf6 22. Nf2 Nc7 23. Nh3 Rc6 24. Nf2 Kg7 25. h3 Rce6 26. e4 fxe4 27. fxe4 Nxe4 28. Nxe4 Rxe4 29. Rxe4 dxe4 30. Rxe4 Qf5 31. Re2 Qxc2 32. Rxc2 Nd5 33. Bc1 h6 34. Kf2 Kf6 35. Bxh6 g5 36. h4 gxh4 37. Kf3 Kf5 38. Bd2 Rg8 39. Be1 Rg4 40. Re2 Rf4# 0-1

[Event "European Online Club-ch-F 2021"]
[Site "Online"]
[Date "2021.03.27"]
[Round "8.17"]
[White "Pechac, Jergus"]
[Black "Gokerkan, Cem Kaan"]
[Result "0-1"]
[ECO "E43"]
[WhiteElo "2507"]
[BlackElo "2470"]
[Annotator "ChessBase"]
[PlyCount "54"]
[EventDate "2021.03.27"]
[EventType "team-tourn"]
[EventCountry "NET"]
[SourceTitle "playchess.com"]
[Source "ChessBase"]
[SourceQuality "1"]
[TimeControl "900+5"]

1. d4 Nf6 2. c4 e6 3. Nc3 Bb4 4. Nf3 b6 5. e3 Bb7 6. Bd3 O-O 7. O-O Bxc3 8. bxc3 d6 9. Nd2 e5 10. e4 Nc6 11. Bb2 Re8 12. a3 Ne7 13. Re1 Ng6 14. Bc2 Qd7 15. f3 Nh5 16. Nf1 Qd8 17. a4 a5 18. c5 dxc5 19. dxc5 Qg5 20. Bc1 Nhf4 21. Bxf4 Nxf4 22. g3 Rad8 23. Qb1 Ba6 24. cxb6 cxb6 25. Qxb6 Bxf1 26. Rxf1 Rd2 27. Bb3 Ne2+ 0-1

[Event "European Online Club-ch-F 2021"]
[Site "Online"]
[Date "2021.03.27"]
[Round "8.18"]
[White "Ozen, Deniz"]
[Black "Zwardon, Vojtech"]
[Result "1-0"]
[ECO "B31"]
[WhiteElo "2397"]
[BlackElo "2466"]
[Annotator "ChessBase"]
[PlyCount "80"]
[EventDate "2021.03.27"]
[EventType "team-tourn"]
[EventCountry "NET"]
[SourceTitle "playchess.com"]
[Source "ChessBase"]
[SourceQuality "1"]
[TimeControl "900+5"]

1. e4 c5 2. Nf3 Nc6 3. Bb5 g6 4. Bxc6 dxc6 5. h3 Bg7 6. d3 Nf6 7. Nc3 O-O 8. Be3 b6 9. Qd2 e5 10. Bh6 Qd6 11. Bxg7 Kxg7 12. O-O Nh5 13. Rfe1 f6 14. a3 Rd8 15. Qe3 Nf4 16. Ne2 Ne6 17. b4 cxb4 18. axb4 Qxb4 19. Reb1 Qc5 20. Qxc5 bxc5 21. Nd2 Kh6 22. Ra5 Nd4 23. Nxd4 cxd4 24. Rba1 a6 25. Rc5 Bd7 26. Rca5 Rdb8 27. Nb3 Rb6 28. f4 exf4 29. Nxd4 g5 30. R1a2 Kg6 31. e5 fxe5 32. Nf3 Be6 33. c4 Kf6 34. Rxe5 Bf5 35. Raa5 Bxd3 36. Rxg5 Rb1+ 37. Kh2 Bxc4 38. Raf5+ Ke7 39. Nd2 Rc1 40. Rc5 h5 1-0